 Dungeon Crawl Stone Soup version 0.32-a0-35-gd9ff480968 (console) character file.

Game seed: 17859812159811224741

2035583 atomjack2 the Shapeless Cat (level 27, 140/140 HPs)
             Began as a Felid Shapeshifter on Jan 19, 2024.
             Was the Champion of Hepliaklqana.
             Escaped with the Orb
             ... and 4 runes on Jan 22, 2024!
             The game lasted 04:27:00 (92489 turns).

atomjack2 the Shapeless Cat (Felid Shapeshifter)   Turns: 92489, Time: 04:27:01

Health: 140/140    AC: 15    Str: 16    XL:     27
Magic:  42/42      EV: 78    Int: 14    God:    Hepliaklqana [******]
Gold:   5149       SH:  0    Dex: 28    Spells: 50/54 levels left
                                        Lives:  1   Deaths: 9

rFire   + +          .
                       - Unarmed
rCold   + . .        (shield unavailable)
rNeg    + . .        (body armour unavailable)
rPois   ∞            (helmet unavailable)
rElec   +            (cloak unavailable)
rCorr   .            (gloves unavailable)
SInv    +            (boots unavailable)
Will    ++++.        g - amulet of Lust {rF+ rC+ Regen+}
Stlth   +++          b - ring of Kezurukk {rPois rN+ Str+6 Int-2 Stlth+}
HPRegen 1.23/turn    U - ring of protection from fire
MPRegen 0.28/turn

%: no passive effects
@: storm-form, flying, studying 3 skills
A: cleaving, insubstantial, flying, reduced essence, very small, (claws 1),
(fangs 3), see invisible, (shaggy fur 3), (stealthy paws), no weapons or thrown
items, no armour, multi-lived, (iridescent scales 1), (cold resistance 1),
MP-powered wands, noise suppression
0: Orb of Zot
}: 4/15 runes: barnacled, silver, golden, gossamer
a: Blinkbolt, Begin Untransformation, Renounce Religion, Recall Ancestor,
Ancestor Identity, Transference, Idealise


You escaped.
You worshipped Hepliaklqana.
Hepliaklqana was exalted by your worship.
You were a lightning-filled tempest!
You visited 12 branches of the dungeon, and saw 54 of its levels.
You visited 2 bazaars.
You also visited: Trove and Bailey.

You collected 9464 gold pieces.
You spent 4315 gold pieces at shops.

Inventory:

Jewellery
 b - the ring of Kezurukk (left paw) {rPois rN+ Str+6 Int-2 Stlth+}
   (You acquired it on level 15 of the Dungeon)

   [ring of strength]

   Str+6:     It affects your strength (+6).
   Int-2:     It affects your intelligence (-2).
   rPois:     It protects you from poison rN+: It protects you from negative
   energy.
   Stlth+:    It makes you more stealthy.
 g - the amulet of Lust (around neck) {rF+ rC+ Regen+}
   (You acquired it on level 3 of the Realm of Zot)

   [amulet of regeneration]

   rF+:       It protects you from fire.
   rC+:       It protects you from cold.
   Regen+:    It increases your rate of health regeneration.
 w - a +6 ring of dexterity
 P - a ring of resist corrosion
 T - the amulet of the Four Winds {rN+ Will+++ Clar}
   (You bought it in a shop on level 13 of the Dungeon)

   [amulet of nothing]

   rN+:       It protects you from negative energy.
   Will+++:   It greatly increases your willpower.
   Clar:      It protects you from confusion, rage, mesmerisation and fear.
 U - a ring of protection from fire (right paw)
 W - a ring of the Octopus King {Fly HP+2 AC+2 EV+2 SH+2}
   (You found it on level 5 of the Lair of Beasts)

   [ring of flight]

   AC+2:      It affects your AC (+2).
   EV+2:      It affects your evasion (+2).
   HP+2:      It affects your health (+2).
   Fly:       It grants you flight.
   SH+2:      It affects your SH (+2).
 Z - a ring of protection from cold
Talismans
 h - a talisman of death
 y - the serpent talisman of Ennui {rN+ MP+9}
   (You took it off Aizul on level 2 of the Vaults)

   [serpent talisman]

   rN+:       It protects you from negative energy.
   MP+9:      It affects your magic capacity (+9).
 z - a granite talisman
 B - a storm talisman (active)
 L - a dragon-blood talisman
Wands
 s - a wand of digging (9)
 u - a wand of iceblast (34)
 G - a wand of charming (72)
 I - a wand of quicksilver (55)
 K - a wand of mindburst (67)
 Q - a wand of polymorph (36)
 Y - a wand of flame (58)
Scrolls
 i - 12 scrolls of immolation
 k - 13 scrolls of teleportation
 l - 7 scrolls of fog
 m - 9 scrolls of revelation
 p - 2 scrolls of silence
 A - 9 scrolls of amnesia
 E - 4 scrolls of fear
 N - 3 scrolls of torment
 O - 9 scrolls of poison
 R - 6 scrolls of vulnerability
Potions
 a - 11 potions of lignification
 d - 8 potions of might
 e - 6 potions of cancellation
 f - 12 potions of ambrosia
 j - 4 potions of haste
 o - 16 potions of brilliance
 q - 7 potions of enlightenment
 t - 10 potions of attraction
 v - 6 potions of magic
 x - 20 potions of curing
 C - 9 potions of mutation
 D - 8 potions of invisibility
 H - 7 potions of resistance
 S - 4 potions of berserk rage
 V - 13 potions of heal wounds
Miscellaneous
 c - a box of beasts
 n - a figurine of a ziggurat
 F - a phantom mirror
 J - a tin of tremorstones (2/2)
 M - a lightning rod (4/4)
 X - a phial of floods


   Skills:
 - Level 20.0 Fighting
 + Level 25.9 Dodging
 - Level 14.0 Stealth
 - Level 24.0 Unarmed Combat
 - Level 14.0 Spellcasting
 - Level 22.0 Translocations
 - Level 10.0 Invocations
 - Level 12.0 Evocations
 O Level 27 Shapeshifting


You had 50 spell levels left.
You knew the following spells:

 Your Spells              Type           Power      Damage    Failure   Level
a - Manifold Assault      Tloc           63%        N/A       0%          4

Your spell library contained the following spells:

 Spells                   Type           Power      Damage    Failure   Level
 Apportation              Tloc           100%       N/A       0%          1
 Lesser Beckoning         Tloc           100%       N/A       0%          2
 Gell's Gravitas          Tloc           63%        N/A       0%          3
 Teleport Other           Tloc           63%        N/A       0%          3
 Volatile Blastmotes      Fire/Tloc      80%        2d16      1%          3
 Iskenderun's Mystic Bla  Conj/Tloc      40%        2d9       1%          4
 Vhi's Electric Charge    Tloc/Air       80%        N/A       1%          4
 Summon Forest            Summ/Tloc      20%        N/A       1%          5
 Dispersal                Tloc           31%        N/A       1%          6
 Disjunction              Tloc           31%        N/A       5%          8
 Foxfire                  Conj/Fire      36%        2x1d5     7%          1
 Freeze                   Ice            36%        1d5       7%          1
 Kiss of Death            Conj/Necr      36%        2d8       7%          1
 Magic Dart               Conj           36%        1d4       7%          1
 Necrotise                Necr           36%        1d5       7%          1
 Sandblast                Erth           18%        2d7       7%          1
 Shock                    Conj/Air       36%        1d5       7%          1
 Slow                     Hex            36%        N/A       7%          1
 Sting                    Conj/Alch      36%        1d5       7%          1
 Summon Small Mammal      Summ           36%        N/A       7%          1
 Cigotuvi's Dreadful Rot  Necr/Alch/Air  18%        N/A       11%         2
 Ensorcelled Hibernation  Hex/Ice        18%        N/A       11%         2
 Scorch                   Fire           18%        2d5       11%         2
 Searing Ray              Conj           18%        2d5       11%         2
 Dazzling Flash           Conj/Hex       18%        N/A       21%         3
 Fugue of the Fallen      Necr           9%         N/A       21%         3
 Inner Flame              Hex/Fire       9%         N/A       21%         3
 Mephitic Cloud           Conj/Alch/Air  9%         N/A       21%         3
 Ozocubu's Armour         Ice            9%         N/A       21%         3
 Passwall                 Erth           9%         N/A       21%         3
 Stone Arrow              Conj/Erth      18%        3d8       21%         3
 Anguish                  Hex/Necr       4%         N/A       56%         4
 Animate Dead             Necr           9%         N/A       56%         4
 Brom's Barrelling Bould  Conj/Erth      9%         2d3       56%         4
 Cause Fear               Hex            4%         N/A       56%         4
 Dispel Undead            Necr           9%         3d8       56%         4
 Flame Wave               Conj/Fire      9%         2d6       56%         4
 Fulminant Prism          Conj/Alch      4%         3d5       56%         4
 Ignite Poison            Fire/Alch      9%         N/A       56%         4
 Leda's Liquefaction      Alch/Erth      4%         N/A       56%         4
 Martyr's Knell           Necr/Summ      9%         N/A       56%         4
 Olgreb's Toxic Radiance  Alch           9%         N/A       56%         4
 Petrify                  Alch/Erth      9%         N/A       56%         4
 Sticky Flame             Fire/Alch      9%         2d5       56%         4
 Summon Blazeheart Golem  Fire/Summ      9%         N/A       56%         4
 Summon Lightning Spire   Summ/Air       9%         N/A       56%         4
 Arcjolt                  Conj/Air       4%         1d14      88%         5
 Borgnjor's Vile Clutch   Necr/Erth      4%         N/A       88%         5
 Curse of Agony           Necr           9%         N/A       88%         5
 Fireball                 Conj/Fire      4%         3d4       88%         5
 Freezing Cloud           Conj/Ice/Air   4%         6-21      88%         5
 Irradiate                Conj/Alch      4%         3d13      88%         5
 Iskenderun's Battlesphe  Conj           9%         2d6       88%         5
 Lee's Rapid Deconstruct  Erth           4%         3d5*      88%         5
 Metabolic Englaciation   Hex/Ice        4%         N/A       88%         5
 Silence                  Hex/Air        4%         N/A       88%         5
 Bombard                  Conj/Erth      4%         9d2       100%        6
 Conjure Ball Lightning   Conj/Air       4%         3x3d6     100%        6
 Death Channel            Necr           4%         N/A       100%        6
 Plasma Beam              Fire/Air       4%         2x1d14    100%        6
 Sculpt Simulacrum        Ice/Alch       4%         N/A       100%        6
 Starburst                Conj/Fire      4%         6d4       100%        6
 Summon Cactus Giant      Summ           4%         N/A       100%        6
 Haunt                    Necr/Summ      4%         N/A       100%        7
 Orb of Destruction       Conj           4%         9d5       100%        7
 Ozocubu's Refrigeration  Ice            4%         4d8       100%        7
 Spellforged Servitor     Conj/Summ      4%         N/A       100%        7
 Summon Hydra             Summ           4%         N/A       100%        7
 Borgnjor's Revivificati  Necr           4%         N/A       100%        8
 Discord                  Hex            4%         N/A       100%        8
 Ignition                 Fire           4%         3d4       100%        8
 Infestation              Necr           4%         N/A       100%        8
 Lehudib's Crystal Spear  Conj/Erth      4%         10d3      100%        8
 Maxwell's Capacitive Co  Air            4%         ∞         100%        8
 Summon Horrible Things   Summ           4%         N/A       100%        8
 Dragon's Call            Summ           4%         N/A       100%        9
 Shatter                  Erth           4%         3d8*      100%        9
 Sublimation of Blood     Necr           Unusable   N/A       N/A         2
 Animate Armour           Summ/Erth      Unusable   N/A       N/A         4

Dungeon Overview and Level Annotations

Branches:
Dungeon (15/15)            Temple (1/1) D:7            Lair (5/5) D:9
 Shoals (4/4) Lair:3       Spider (4/4) Lair:2        Slime (0/5) Lair:5
    Orc (2/2) D:9             Elf (3/3) Orc:2        Vaults (5/5) D:13
  Crypt (3/3) Vaults:2       Tomb (3/3) Crypt:3      Depths (4/4) D:15
    Zot (5/5) Depths:4     Bailey (visited)

Altars:
Ashenzari
Cheibriados
Dithmenos
Elyvilon
Fedhas
Gozag
Hepliaklqana
Kikubaaqudgha
Makhleb
Nemelex Xobeh
Okawaru
Qazlal
Ru
Sif Muna
Trog
Uskayaw
Vehumet
Wu Jian
Xom
Yredelemnul
Zin
The Shining One
Jiyva

Shops:
D:6 :   D:11 *   D:12 !   D:13 =?(   Orc:2 [[=(   Elf:1 :==   Elf:2 (
Elf:3 ![!   Shoals:4 ?   Vaults:1 :   Vaults:2 (   Vaults:4 (   Vaults:5 (
Depths:2 [   Depths:4 ?[?

Portals:
Hell: Depths:1 Depths:2 Depths:3 Depths:4
Abyss: Depths:3
Pandemonium: Depths:2 Depths:3
Ziggurat: Depths:3

Annotations:
Elf:2 3 runed translucent doors, exclusions: 3 doors and 1 more exclusion
Crypt:3 3 runed translucent doors, Cacw's ghost, adept SpDe; Juymismo's ghost, legendary GrBe


Innate Abilities, Weirdness & Mutations

You are a lightning-filled tempest!
Your electrical attacks strike out in all directions at once.
You are incredibly evasive.
Your insubstantial body is immune to petrification, constriction, and being set on fire You are flying.
Your life essence is reduced to manifest your ancestor. (-10% HP)
You are immune to poison.
((You have sharp claws.))
((You have razor-sharp teeth.))
You have supernaturally acute eyesight. (SInv)
((Your thick and shaggy fur keeps you warm. (AC +3, rC+)))
((Your paws help you pounce on unaware monsters.))
You are incapable of wielding weapons or throwing items.
You cannot wear armour.
You gain extra lives every three experience levels.
((You are partially covered in iridescent scales. (AC +2)))
((Your flesh is cold resistant. (rC+)))
You expend magic power (3 MP) to strengthen your wands.
You passively dampen the noise of your surroundings.


Message History

You hit the golden eye.
Lightning courses through the golden eye!
You kill the golden eye!
Fluffy gestures wildly while chanting.
The golden eye appears confused.
Fluffy mumbles some strange words.
The golden eye resists with almost no effort.
The golden eye resists with some effort.
You catch the helpless golden eye completely off-guard!
You blast the golden eye!!!!
Lightning courses through the golden eye!
You kill the golden eye!
The golden eye blinks at you. You resist with almost no effort.
The golden eye blinks!
You swap places.
Fluffy casts a spell.
Fluffy seems to speed up.
Fluffy gestures at the golden eye while chanting.
The golden eye easily resists.
The golden eye blinks at you. You resist with almost no effort.
Fluffy casts a spell at the golden eye.
The golden eye suddenly stops moving!
Fluffy points at the golden eye and mumbles some strange words.
The helpless golden eye fails to defend itself.
You buffet the golden eye!
Lightning courses through the golden eye!
You kill the golden eye!
(D) Dungeon (T) Temple (L) Lair (A) Shoals (N) Spider Nest (M) Slime Pits (O) Orcish Mines (E) Elven Halls (V) Vaults (C) Crypt (W) Tomb (U) Depths (H) Hell (Z) Zot
Where to? (Tab/Enter - D:1, ? - help) You're already here!
Magic restored.
There is a large open door here.
There is a large open door here.
Fluffy is no longer moving quickly.
There is a staircase leading out of the dungeon here.
You have escaped!

#.....# #.....#..#.........
##.....## #.##..#..#########.
...†....# #..........########
........# #######..#.........
........# ####################
........# #§§>≈≈##............
........# #≈≈≈≈≈###.....#.####
........# ###≈≈§≈≈###.....#..###
........# #...≈≈§...#...........
........####.8.....8.#.....##.##.
...........#....vR...#R#.###.#.##
........##......8......#.#...#...
############...........#.###.#.##
##.......#......##.##.
##..8..##.###........ ##...#...#
######### ##....### ######


You could see the friendly Fluffy the hexer.

Vanquished Creatures
  6 dread liches
  5 ancient liches
  6 orbs of fire
  Mara (Depths:1)
  Mennas (Vaults:5)
  2 juggernauts
  Sojobo (Crypt:3)
  22 royal mummies
  Boris (Depths:1)
  3 Killer Klowns (Zot:5)
  Bai Suzhen (Depths:1)
  Margery (Vaults:4)
  Saint Roka (Orc:2)
  4 curse toes
  Nikola (Spider:4)
  8 golden dragons
  3 bone dragons
  A shard shrike zombie (Tomb:3)
  A Brimstone Fiend (Tomb:2)
  3 electric golems
  A hellephant (Depths:1)
  A Tzitzimitl (Depths:1)
  Rupert (D:12)
  An Ice Fiend (Depths:4)
  12 tentacled monstrosities
  A walking crystal tome (Depths:3)
  7 liches
  A walking earthen tome (Depths:3)
  26 Orb Guardians
  2 deep elf blademasters (Elf:3)
  A titan (Vaults:5)
  5 quicksilver dragons
  An Executioner (Zot:2)
  2 deep elf master archers
  Asterion (Depths:1)
  An acid blob (Depths:3)
  A searing wretch (Vaults:4)
  14 sphinxes
  10 tengu reavers
  8 ancient champions
  6 death cobs
  Frances (Shoals:1)
  Aizul (Vaults:2)
  13 storm dragons
  6 shadow dragons
  Roxanne (Spider:2)
  The ghost of Morbidden the Thaumaturge, an adept BaCj of Vehumet (Shoals:1)
  6 fire giants
  The ghost of paavali the Severer, an adept FoFi of Okawaru (Lair:2)
  An azure jelly (Depths:3)
  9 draconian shifters
  4 revenants
  6 draconian knights
  7 frost giants
  4 draconian monks
  6 deep elf sorcerers
  A rockslime (Depths:3)
  7 emperor scorpions (Spider:4)
  20 vault wardens
  An iron dragon (Depths:3)
  6 draconian scorchers
  A caustic shrike zombie (Crypt:2)
  3 deep elf elementalists (Elf:3)
  6 draconian stormcallers
  2 balrugs (Depths:3)
  12 ghost moths
  4 reapers
  3 draconian annihilators
  16 ghouls
  4 orc warlords
  4 spriggan defenders
  18 stone giants
  11 ironbound preservers
  A quicksilver ooze (Depths:3)
  A formless jellyfish (Vaults:3)
  5 ironbound thunderhulks
  13 black draconians
  2 broodmothers
  10 green draconians
  24 very ugly things
  5 bennus
  A rockslime zombie (Crypt:1)
  7 spark wasps
  5 vampire knights
  12 deep elf death magi
  2 deep elf demonologists (Elf:3)
  11 yellow draconians
  2 demonspawn black suns (Zot:2)
  17 red draconians
  2 war gargoyles
  10 white draconians
  A minotaur (Lair:1)
  19 purple draconians
  5 deep elf annihilators (Elf:3)
  7 dire elephants
  20 mummy priests
  8 eidola
  2 blizzard demons
  8 merfolk javelineers
  2 green deaths
  8 ettins
  2 crystal guardians (Vaults:3)
  A quicksilver dragon zombie (Crypt:3)
  9 great orbs of eyes
  3 jiangshi
  12 yaktaur captains
  6 fire dragons
  2 entropy weavers
  7 merfolk impalers
  8 deep elf high priests
  31 vault guards
  4 peacekeepers
  A salamander tyrant (Depths:3)
  A great orb of eyes (shapeshifter) (Vaults:5)
  3 rakshasas
  A spriggan zombie (Tomb:1)
  2 merfolk avatars
  5 spriggan air magi
  3 jorogumos
  2 catoblepae
  3 ice dragons
  3 hydras
  16 ironbound frosthearts
  9 merfolk aquamancers
  A juggernaut simulacrum (Depths:1)
  3 ogre magi
  A hell beast (Depths:2)
  A satyr (Shoals:1)
  8 centaur warriors
  A radroach (Spider:4)
  An alligator snapping turtle (Shoals:4)
  5 death knights
  17 dancing weapons
  55 death scarabs
  7 deep troll shamans
  4 boulder beetles
  11 two-headed ogres
  Erica (D:8)
  The ghost of anet the Cleaver, a novice HOCj of Hepliaklqana (Lair:1)
  7 tengu warriors
  Urug (D:12)
  9 deep troll earth magi
  9 vampire magi
  4 hell hogs (Depths:1)
  A shock serpent (shapeshifter) (Depths:3)
  2 occultists
  6 demonic crawlers
  11 spriggan berserkers
  5 hell knights
  3 orc high priests
  A shock serpent (Depths:2)
  3 naga sharpshooters (Depths:2)
  2 soul eaters
  4 skysharks
  A titan skeleton (Crypt:1)
  5 deep elf knights
  9 spriggans
  2 sun demons
  9 iron trolls
  4 pharaoh ants
  A shadow wraith (Crypt:3)
  8 flayed ghosts
  3 shadow demons
  20 skeletal warriors
  7 sea snakes
  4 sun moths
  A cherub (D:9)
  A spark wasp zombie (Depths:1)
  40 deep trolls
  A sea snake (shapeshifter) (Vaults:5)
  3 arcanists
  4 glowing orange brains
  A spriggan simulacrum (Crypt:1)
  4 bog bodies
  7 orb spiders
  10 phantasmal warriors
  11 lindwurms
  7 steelbarb worms
  3 necromancers
  20 ironbound convokers
  5 deep elf archers
  16 orc knights
  14 deep elf zephyrmancers
  32 ugly things
  15 harpies
  22 deep elf pyromancers
  An oklob plant (Lair:4)
  14 wolf spiders
  A stone giant zombie (Crypt:2)
  An orc sorcerer (Orc:2)
  A faun (shapeshifter) (Vaults:5)
  12 cyclopes
  19 manticores
  8 fauns
  6 merfolk sirens
  3 large abominations (Zot:2)
  23 moths of wrath
  A stone giant skeleton (Crypt:3)
  A water nymph (shapeshifter) (Vaults:5)
  2 iron dragon skeletons
  A dire elephant zombie (Tomb:1)
  23 vault sentinels
  9 meliai
  9 elephants
  An elephant (shapeshifter) (Vaults:5)
  Joseph (D:8)
  4 black mambas
  5 water nymphs
  3 orange demons (Orc:1)
  The ghost of Kurok the Covered, a novice MiFi (D:5)
  3 smoke demons
  2 centaur skeletons (D:15)
  10 cane toads
  6 torpor snails
  42 yaktaurs
  2 unseen horrors
  3 gargoyles
  4 rime drakes
  Psyche (D:8)
  A kobold demonologist (D:10)
  A yellow draconian zombie (Crypt:2)
  A tormentor (Zot:4)
  A catoblepas skeleton (Crypt:2)
  An efreet (D:7)
  6 tengu conjurers
  6 freezing wraiths
  10 komodo dragons
  4 trolls
  A black draconian skeleton (Crypt:1)
  4 harpy zombies
  44 guardian mummies
  22 merfolk
  A guardian serpent (shapeshifter) (Vaults:5)
  4 hellwings (D:7)
  A queen bee (Depths:2)
  6 polar bears
  A wolf spider simulacrum (D:14)
  A shadow dragon simulacrum (Crypt:1)
  An ettin zombie (Depths:1)
  8 snapping turtles
  21 hornets
  9 dream sheep
  A glass eye (Depths:4)
  A death drake skeleton (Crypt:2)
  23 tarantellas
  10 wind drakes
  6 blink frogs
  A blink frog (shapeshifter) (D:13)
  A harpy skeleton (Crypt:2)
  18 culicivoras
  A culicivora zombie (Crypt:3)
  A centaur simulacrum (Tomb:2)
  17 jumping spiders
  15 slime creatures
  13 water elementals
  10 wraiths
  8 ushabtiu
  A shadow (D:11)
  5 air elementals
  A spriggan (shapeshifter) (Elf:3)
  3 vampires
  3 wyverns
  11 humans (D:13)
  7 basilisks
  2 fire elementals
  48 yaks
  3 golden eyes (D:1)
  48 redbacks
  4 steam dragons
  A chaos spawn (Zot:5)
  A neqoxec (Zot:5)
  A two-headed ogre zombie (Crypt:3)
  13 water moccasins
  An acid dragon (D:12)
  A faun skeleton (Crypt:2)
  39 orc warriors
  3 hexers
  15 laughing skulls
  2 ice beasts
  9 ogres
  A boggart (Vaults:2)
  5 black bears
  A hog zombie (Crypt:3)
  8 wolves
  7 centaurs
  A snapping turtle skeleton (Crypt:3)
  A manticore skeleton (Crypt:1)
  8 scorpions
  7 bullfrogs
  9 necrophages
  2 gnoll sergeants
  3 earth elementals
  A komodo dragon skeleton (Crypt:1)
  A glowing shapeshifter simulacrum (Depths:1)
  The ghost of Dirol the Trooper, a weakling OnCA of Ignis (D:4)
  2 troll zombies (Crypt:3)
  8 wights
  A queen bee zombie (Crypt:2)
  18 killer bees
  2 electric eels (Spider:1)
  3 howler monkeys
  3 spriggan skeletons
  5 centaur zombies
  6 hounds
  2 jellies
  2 bombardier beetles (D:5)
  20 orc priests
  2 gnoll boudas (D:5)
  2 iguanas
  13 orc wizards
  2 sleepcaps
  5 hell rats
  A boggart skeleton (Crypt:2)
  2 killer bee zombies (D:8)
  An ice beast zombie (Crypt:1)
  An acid dragon skeleton (Crypt:3)
  39 mummies
  A howler monkey zombie (D:8)
  14 gnolls
  5 adders
  A swamp drake zombie (Crypt:1)
  A shadow imp (D:6)
  A white imp (D:6)
  4 dart slugs
  7 ribbon worms
  78 orcs
  6 bats
  3 bat zombies (Shoals:3)
  11 endoplasms
  2 giant cockroaches
  8 goblins
  9 hobgoblins
  7 kobolds
  A quokka (D:4)
  10 ball pythons
  4 frilled lizards (D:3)
  A goblin skeleton (Crypt:3)
  A kobold zombie (Crypt:3)
  4 rats
  A rat skeleton (Crypt:3)
2282 creatures vanquished.

Vanquished Creatures (collateral kills)
  Frederick (Crypt:1)
  An orb of fire (Zot:5)
  3 royal mummies
  2 electric golems
  4 tentacled monstrosities
  A hellephant (Depths:3)
  4 liches
  An Orb Guardian (Zot:5)
  A quicksilver dragon (Zot:5)
  3 sphinxes (Tomb:1)
  2 ancient champions
  2 storm dragons
  An azure jelly (Depths:3)
  2 revenants
  3 tengu reavers
  2 frost giants
  4 vault wardens
  2 fire giants
  A draconian knight (Zot:1)
  3 draconian shifters
  2 deep elf sorcerers
  An ironbound preserver (Vaults:3)
  A juggernaut skeleton (Crypt:3)
  A ghoul (Crypt:2)
  A caustic shrike skeleton (Crypt:1)
  A vampire knight (Depths:1)
  2 very ugly things
  A deep elf death mage (Crypt:3)
  A stone giant (Depths:3)
  3 bennus
  2 deep elf annihilators
  2 red draconians
  A demonspawn black sun (Zot:2)
  A war gargoyle (Vaults:5)
  2 ironbound thunderhulks
  2 spark wasps
  2 white draconians
  2 purple draconians
  3 eidola
  Snorg (Orc:2)
  3 merfolk impalers
  2 fire dragons
  3 mummy priests
  A merfolk javelineer (Shoals:1)
  2 spriggan air magi
  2 vault guards
  3 centaur warriors
  2 rakshasas
  3 merfolk aquamancers
  2 ironbound frosthearts
  3 dancing weapons
  2 tengu warriors
  3 spriggan skeletons
  2 two-headed ogres
  A death yak (shapeshifter) (Vaults:5)
  A satyr (Shoals:2)
  20 death scarabs
  A deep troll earth mage (Depths:2)
  3 orc high priests (Orc:2)
  A hell knight (Vaults:5)
  2 spriggans
  4 skeletal warriors
  2 orb spiders
  A pharaoh ant (Spider:4)
  An arcanist (Vaults:4)
  4 deep trolls
  A bog body (Crypt:2)
  A sun moth (Spider:4)
  A deep elf archer (Elf:2)
  3 harpies
  An anaconda skeleton (Tomb:1)
  3 phantasmal warriors
  2 lindwurms
  A deep elf zephyrmancer (Elf:3)
  A necromancer (Crypt:2)
  A steelbarb worm (Spider:2)
  2 ugly things
  5 orc knights
  A cyclops (Shoals:1)
  4 ironbound convokers
  Maurice (D:9)
  7 wolf spiders
  A faun (Shoals:2)
  4 moths of wrath
  A manticore (Shoals:1)
  2 black mambas
  2 elephants
  A meliai (Depths:2)
  6 cane toads
  3 vault sentinels
  A water nymph (Lair:3)
  A torpor snail (Spider:4)
  An unseen horror (D:11)
  2 hexers (Depths:1)
  A freezing wraith (D:15)
  3 yaktaurs
  2 komodo dragons
  6 guardian mummies
  2 harpy zombies (Shoals:3)
  2 trolls
  5 tarantellas
  A wind drake (Shoals:2)
  3 hornets
  2 merfolk
  A harpy skeleton (Tomb:2)
  An ettin zombie (Tomb:1)
  6 blink frogs
  8 jumping spiders
  5 snapping turtles
  A slime creature (Vaults:4)
  6 ushabtiu
  An air elemental (Elf:2)
  2 wyverns
  3 water elementals
  5 culicivoras
  2 fire elementals
  4 humans (D:13)
  A wraith (Crypt:1)
  12 yaks
  3 basilisks
  An acid dragon (D:12)
  14 redbacks
  2 water moccasins
  11 orc warriors
  A laughing skull (Crypt:1)
  2 boggarts (Vaults:2)
  2 wolves
  2 bullfrogs
  An earth elemental (Elf:3)
  2 necrophages
  5 killer bees
  13 orc priests
  An iguana (D:9)
  A hell rat (Lair:4)
  An orc wizard (Orc:2)
  9 mummies
  2 gnolls (D:7)
  An ufetubus (D:5)
  A ribbon worm (Spider:1)
  31 orcs
  A goblin (D:7)
401 creatures vanquished.

Vanquished Creatures (others)
  A lich (Tomb:3)
  An eldritch tentacle (Tomb:3)
  Josephine (Orc:2)
  22 death scarabs
  A deep elf knight (Elf:1)
  5 guardian mummies
  2 tarantellas (Spider:4)
  A hornet (Lair:5)
  A culicivora (Spider:1)
  2 redbacks (Spider:4)
  2 orc warriors (Orc:1)
  An ogre (D:15)
  86 hexers
  2 mummies (Tomb:3)
  6 ancestors
134 creatures vanquished.

Grand Total: 2817 creatures vanquished

Notes
Turn   | Place    | Note
-------+----------+-------------------------------------------
     0 | D:1      | atomjack2 the Felid Shapeshifter began the quest for the
                  | Orb.
     0 | D:1      | Reached XP level 1. HP: 10/10 MP: 2/2
   184 | D:1      | Reached skill level 3 in Shapeshifting
   184 | D:1      | Reached XP level 2. HP: 14/14 MP: 3/3
  1115 | D:2      | Reached skill level 1 in Stealth
  1115 | D:2      | Reached XP level 3. HP: 14/18 MP: 4/4
  2303 | D:3      | Reached XP level 4. HP: 21/22 MP: 5/5
  2303 | D:3      | Gained a life (2 lives remaining)
  2886 | D:4      | Found an iron altar of Okawaru.
  2912 | D:4      | Found a sacrificial altar of Ru.
  2939 | D:3      | Reached XP level 5. HP: 18/25 MP: 6/6
  3074 | D:4      | Reached skill level 5 in Unarmed Combat
  3149 | D:4      | Noticed a black bear
  3159 | D:4      | Killed a black bear
  3160 | D:4      | Reached skill level 4 in Shapeshifting
  3160 | D:4      | Gained mutation: You are covered in thick fur. (AC +2)
                  | [Felid growth]
  3160 | D:4      | Reached XP level 6. HP: 28/30 MP: 7/7
  3350 | D:4      | Found a runed translucent gate.
  3350 | D:4      | Found a runed translucent gate.
  3353 | D:4      | Found a runed translucent gate.
  3375 | D:4      | Noticed Dirol's ghost (weakling OnCA)
  3386 | D:4      | Found a glowing golden altar of the Shining One.
  3484 | D:5      | Entered Level 5 of the Dungeon
  3484 | D:5      | Found a transporter.
  3561 | D:5      | Noticed Kurok's ghost (novice MiFi)
  3572 | D:5      | Found a transporter.
  3622 | D:5      | Identified the +10 orcbow "Omekk" {drain, Will+}
  3650 | D:5      | Reached XP level 7. HP: 20/33 MP: 8/8
  4093 | D:5      | Found a hazy altar of Hepliaklqana.
  4098 | D:5      | Became a worshipper of Hepliaklqana the Forgotten
  4238 | D:5      | Found a broken altar of Ashenzari.
  4238 | D:5      | Found a glowing silver altar of Zin.
  4289 | D:5      | Reached skill level 5 in Shapeshifting
  4904 | D:5      | Reached XP level 8. HP: 20/37 MP: 5/9
  5005 | D:6      | Found an opulent altar of Gozag.
  5400 | D:6      | Reached skill level 6 in Shapeshifting
  5426 | D:6      | Found Xekax's Self-Improvement Boutique.
  5613 | D:6      | Reached skill level 7 in Shapeshifting
  5816 | D:7      | Reached * piety under Hepliaklqana
  6000 | D:7      | Found a flagged portal.
  6010 | D:7      | Reached XP level 9. HP: 34/36 MP: 8/10
  6104 | Bailey   | Entered a bailey
  6316 | Bailey   | Reached skill level 5 in Dodging
  6436 | Bailey   | Reached skill level 10 in Unarmed Combat
  6565 | Bailey   | Noticed an orc knight
  6572 | Bailey   | Noticed an orc knight
  6577 | Bailey   | Noticed an orc knight
  6582 | Bailey   | Killed an orc knight
  6595 | Bailey   | Demolished by an orc knight
  6595 | Bailey   | Lost a life (1 life remaining)
  6626 | Bailey   | Killed an orc knight
  6627 | Bailey   | Reached XP level 10. HP: 43/43 MP: 11/11
  6627 | Bailey   | Gained a life (2 lives remaining)
  6650 | Bailey   | Killed an orc knight
  7037 | D:7      | Found a staircase to the Ecumenical Temple.
  7470 | D:8      | Noticed Psyche
  7905 | D:8      | Found a hide-covered altar of Uskayaw.
  7932 | D:8      | Noticed Erica
  7945 | D:8      | Killed Erica
  7958 | D:8      | Killed Psyche
  7959 | D:8      | Reached skill level 8 in Shapeshifting
  8236 | D:8      | Reached ** piety under Hepliaklqana
  8237 | D:8      | Remembered your ancestor Fluffy as a hexer
  8489 | D:8      | Noticed Joseph
  8507 | D:8      | Killed Joseph
  8702 | D:8      | Found a shimmering blue altar of Sif Muna.
  8774 | D:8      | Found a blossoming altar of Fedhas.
  8875 | D:8      | Reached skill level 9 in Shapeshifting
  8961 | D:9      | Found a staircase to the Orcish Mines.
  9182 | D:9      | Found a white marble altar of Elyvilon.
  9273 | D:9      | HP: 1/42 [water moccasin (3)]
  9274 | D:9      | Slain by a water moccasin
  9274 | D:9      | Lost a life (1 life remaining)
  9425 | D:9      | Reached XP level 11. HP: 42/46 MP: 12/12
  9425 | D:9      | Gained a life (2 lives remaining)
  9435 | D:9      | Found a staircase to the Lair.
  9499 | D:9      | Noticed Maurice
  9521 | D:9      | Killed Maurice
  9522 | D:9      | Reached skill level 10 in Shapeshifting
  9601 | D:9      | Reached skill level 1 in Evocations
  9629 | D:9      | Found a bloodstained altar of Trog.
  9968 | D:10     | Entered Level 10 of the Dungeon
 10421 | D:10     | Reached *** piety under Hepliaklqana
 10592 | D:10     | Found a radiant altar of Vehumet.
 11066 | Lair:1   | Entered Level 1 of the Lair of Beasts
 11308 | D:6      | Bought a manual of Fighting for 800 gold pieces
 11725 | Lair:1   | Found a runed translucent gate.
 11725 | Lair:1   | Found a runed translucent gate.
 11725 | Lair:1   | Found a runed translucent gate.
 11731 | Lair:1   | Noticed a minotaur
 11740 | Lair:1   | Noticed anet's ghost (novice HOCj)
 12316 | Lair:2   | Reached **** piety under Hepliaklqana
 12511 | Lair:1   | Succumbed to a meliai's poison
 12511 | Lair:1   | Lost a life (1 life remaining)
 12695 | Lair:2   | Gained mutation: Your thick and shaggy fur keeps you warm.
                  | (AC +3, rC+) [Felid growth]
 12695 | Lair:2   | Reached XP level 12. HP: 52/52 MP: 13/13
 12800 | Lair:2   | Found a hole to the Spider Nest.
 12846 | Lair:2   | Reached skill level 5 in Evocations
 13014 | Lair:2   | Noticed a boulder beetle
 13039 | Lair:2   | Killed a boulder beetle
 13128 | Lair:2   | Found a transporter.
 13130 | Lair:2   | Noticed paavali's ghost (adept FoFi)
 13221 | Lair:2   | Found a transporter.
 13315 | Lair:2   | Reached skill level 10 in Dodging
 13622 | Lair:3   | Reached skill level 5 in Fighting
 13641 | Lair:3   | Reached skill level 15 in Unarmed Combat
 13644 | Lair:3   | Found a staircase to the Shoals.
 13658 | Lair:3   | Noticed an eight-headed hydra
 13667 | Lair:3   | Killed an eight-headed hydra
 14746 | Lair:4   | Reached XP level 13. HP: 58/58 MP: 14/14
 14746 | Lair:4   | Gained a life (2 lives remaining)
 14802 | Lair:4   | Reached ***** piety under Hepliaklqana
 15947 | Lair:5   | Entered Level 5 of the Lair of Beasts
 16164 | Lair:5   | Found a staircase to the Slime Pits.
 16164 | Lair:5   | Found a viscous altar of Jiyva.
 16716 | Lair:5   | Reached skill level 5 in Stealth
 17049 | Lair:5   | Found the ring of the Octopus King
 17069 | Lair:5   | Identified a ring of the Octopus King {Fly HP+2 AC+2 EV+2
                  | SH+2}
 17647 | D:11     | Found Xuc Leda's Assorted Antiques.
 17665 | D:11     | Reached XP level 14. HP: 60/67 MP: 13/15
 18235 | D:12     | Noticed Rupert
 18280 | Orc:1    | Entered Level 1 of the Orcish Mines
 18280 | Orc:1    | Noticed an orc warlord
 18359 | Orc:1    | Killed an orc warlord
 18938 | Orc:1    | Reached ****** piety under Hepliaklqana
 19010 | Orc:2    | Entered Level 2 of the Orcish Mines
 19028 | Orc:2    | Noticed Josephine
 19042 | Orc:2    | Your ally Josephine died
 19176 | Orc:2    | Noticed Snorg
 19180 | Orc:2    | Killed Snorg
 19181 | Orc:2    | Reached skill level 10 in Fighting
 19347 | Orc:2    | Noticed Saint Roka
 19383 | Orc:2    | Killed Saint Roka
 19797 | Orc:2    | Found a staircase to the Elven Halls.
 20868 | Orc:2    | Found Linwotig's Antique Weapon Shoppe.
 20868 | Orc:2    | Found Nihyi's Armour Shoppe.
 20869 | Orc:2    | Found Tinued's Jewellery Shoppe.
 20869 | Orc:2    | Found Diug Cei's Antique Armour Emporium.
 21068 | Spider:1 | Entered Level 1 of the Spider Nest
 21369 | Spider:1 | Reached skill level 11 in Shapeshifting
 21842 | Spider:1 | Reached XP level 15. HP: 75/75 MP: 16/16
 21859 | Spider:1 | Mangled by a culicivora
 21859 | Spider:1 | Lost a life (1 life remaining)
 22968 | Spider:1 | Slain by a wolf spider
 22968 | Spider:1 | Lost a life (0 lives remaining)
 23648 | Spider:2 | Noticed Roxanne
 24737 | Spider:3 | Reached skill level 12 in Shapeshifting
 26003 | Spider:4 | Entered Level 4 of the Spider Nest
 26066 | Spider:3 | HP: 3/76 [wolf spider[a torpor snail] (19)]
 26751 | Spider:4 | Reached skill level 13 in Shapeshifting
 27439 | Spider:4 | Found a large runed translucent door.
 27439 | Spider:4 | Found a large runed translucent door.
 27591 | Spider:4 | Reached XP level 16. HP: 69/81 MP: 0/17
 27591 | Spider:4 | Gained a life (1 life remaining)
 27720 | Spider:4 | Noticed Nikola
 27740 | Spider:4 | Killed Nikola
 27921 | Spider:4 | Reached skill level 15 in Dodging
 27923 | Spider:4 | Upgraded the game from 0.32-a0-30-gefbe487952 to
                  | 0.32-a0-35-gd9ff480968
 28763 | Spider:4 | Reached skill level 14 in Shapeshifting
 29288 | Spider:4 | Got a gossamer rune of Zot
 30418 | D:12     | Killed Rupert
 30743 | D:12     | Noticed Urug
 30765 | D:12     | Killed Urug
 30986 | D:12     | Found a large runed translucent door.
 30986 | D:12     | Found a large runed translucent door.
 31001 | D:12     | Found a large runed translucent door.
 31001 | D:12     | Found a large runed translucent door.
 31095 | D:12     | Found Ewnaryut's Distillery.
 31103 | D:12     | Bought a potion of heal wounds for 65 gold pieces
 31103 | D:12     | Bought a potion of resistance for 130 gold pieces
 31103 | D:12     | Bought a potion of berserk rage for 65 gold pieces
 31103 | D:12     | Bought a potion of curing for 39 gold pieces
 31103 | D:12     | Bought a potion of curing for 39 gold pieces
 31103 | D:12     | Bought a potion of haste for 130 gold pieces
 31103 | D:12     | Bought a potion of attraction for 39 gold pieces
 31103 | D:12     | Bought a potion of might for 52 gold pieces
 31639 | D:13     | Found a gate to the Vaults.
 31708 | D:13     | Found Wyzos's Jewellery Shop.
 31718 | D:13     | Bought the amulet of the Four Winds {rN+ Will+++ Clar} for
                  | 728 gold pieces
 31718 | D:13     | Found the amulet of the Four Winds {rN+ Will+++ Clar}
 31969 | D:13     | Reached skill level 15 in Shapeshifting
 32256 | D:13     | Found Numilen's Weapon Emporium.
 32315 | D:13     | Found Fyjet's Magic Scroll Emporium.
 32322 | D:13     | Bought a scroll of fear for 44 gold pieces
 32322 | D:13     | Bought a scroll of identify for 22 gold pieces
 32322 | D:13     | Bought a scroll of identify for 22 gold pieces
 32322 | D:13     | Bought a scroll of identify for 22 gold pieces
 32328 | D:13     | Found Ciuh's Antique Weapon Shop.
 32955 | D:14     | Reached XP level 17. HP: 88/88 MP: 18/18
 33425 | D:15     | Entered Level 15 of the Dungeon
 34092 | D:15     | Identified a scroll of acquirement
 34104 | D:15     | Acquired the ring of Kezurukk {rPois rN+ Str+6 Int-2
                  | Stlth+}
 34151 | D:15     | Found an iron altar of Okawaru.
 34490 | D:15     | Found a staircase to the Depths.
 34868 | Shoals:1 | Entered Level 1 of the Shoals
 35221 | Elf:1    | Entered Level 1 of the Elven Halls
 35248 | Elf:1    | Reached skill level 16 in Shapeshifting
 35327 | Elf:1    | Reached skill level 15 in Fighting
 35621 | Elf:1    | Got the Compilation of Accompaniment
 35980 | Elf:1    | Found Tias's Jewellery Boutique.
 35981 | Elf:1    | Found Xama's Book Emporium.
 35982 | Elf:1    | Found Rontumam's Jewellery Boutique.
 35990 | Elf:1    | Bought a book of Battle for 416 gold pieces
 36285 | Elf:2    | Reached skill level 1 in Translocations
 36334 | Elf:2    | Reached skill level 1 in Spellcasting
 36370 | Elf:2    | Learned a level 4 spell: Manifold Assault
 36548 | Elf:2    | Found Ageposh's Weapon Shop.
 36586 | Elf:2    | Found a portal to a secret trove of treasure.
 36741 | Elf:2    | Found a runed translucent gate.
 36745 | Elf:2    | Reached skill level 5 in Translocations
 36745 | Elf:2    | Found a runed translucent gate.
 36745 | Elf:2    | Found a runed translucent gate.
 37240 | D:13     | Bought a scroll of teleportation for 33 gold pieces
 37240 | D:13     | Bought a scroll of teleportation for 33 gold pieces
 37485 | Elf:2    | You paid a toll of 16 scrolls of teleportation to enter a
                  | treasure trove
 37486 | Trove    | Entered a treasure trove
 37500 | Trove    | Got Sif Muna's Spellbook of Mortuary Transposition
 37518 | Trove    | Got Sif Muna's Beginning Course on Thaumaturgy
 37527 | Trove    | Got Sif Muna's Quarto of Support
 37548 | Trove    | Got Xahac's Reference Book on the Wyrd and Talus
 37624 | Elf:3    | Entered Level 3 of the Elven Halls
 37657 | Elf:3    | Found Beomugho's Armour Emporium.
 37675 | Elf:3    | Found Zufof's Distillery.
 37752 | Elf:3    | Found Ruvy Xiu's Distillery.
 37896 | Elf:3    | Reached XP level 18. HP: 93/93 MP: 25/25
 38140 | Elf:3    | Reached skill level 5 in Spellcasting
 38701 | Vaults:1 | Entered Level 1 of the Vaults
 39084 | Vaults:1 | Reached skill level 10 in Translocations
 40207 | Vaults:1 | You fall into a shaft and drop 1 floor!
 40207 | Vaults:2 | Found Kueffiom's Antique Weapon Shop.
 40933 | Vaults:1 | Found Duthri's Book Shop.
 41770 | Vaults:2 | Identified the serpent talisman of Ennui {rN+ MP+9}
 41770 | Vaults:2 | Noticed Aizul
 41782 | Vaults:2 | Killed Aizul
 42491 | Vaults:2 | Reached XP level 19. HP: 97/97 MP: 9/29
 42491 | Vaults:2 | Gained a life (2 lives remaining)
 42605 | Vaults:2 | Found a staircase to the Crypt.
 42605 | Vaults:2 | Found a basalt altar of Yredelemnul.
 42605 | Vaults:2 | Found an ancient bone altar of Kikubaaqudgha.
 43578 | Vaults:3 | Reached skill level 17 in Shapeshifting
 43860 | Vaults:3 | Noticed a golden dragon
 44176 | Vaults:3 | Killed a golden dragon
 44198 | Vaults:3 | Reached skill level 18 in Shapeshifting
 44731 | Vaults:4 | Reached skill level 10 in Spellcasting
 45280 | Vaults:4 | Noticed Margery
 45294 | Vaults:4 | Killed Margery
 45295 | Vaults:4 | Reached XP level 20. HP: 69/101 MP: 12/36
 45528 | Vaults:4 | Reached skill level 19 in Shapeshifting
 45888 | Vaults:4 | Found Pugauq's Weapon Shop.
 46509 | Vaults:4 | Reached skill level 15 in Translocations
 46647 | Vaults:4 | Identified the +1 whip "Idelu" {flame, rN+ Str+6 Int-2
                  | Stlth+}
 46949 | Shoals:1 | Found a transporter.
 46951 | Shoals:1 | Noticed Morbidden's ghost (adept BaCj)
 46964 | Shoals:1 | Found a transporter.
 47806 | Shoals:1 | Noticed Frances
 47818 | Shoals:1 | Killed Frances
 48076 | D:4      | Killed Dirol's ghost
 48108 | D:5      | Killed Kurok's ghost
 48303 | Lair:1   | Killed anet's ghost
 48414 | Lair:2   | Killed paavali's ghost
 49829 | Shoals:3 | Found a flickering gateway to a bazaar.
 49850 | Bazaar   | Entered a bazaar
 49850 | Bazaar   | Found Kibuelo's Distillery.
 49938 | Bazaar   | Found Qucaomo's Antique Armour Shop.
 49946 | Bazaar   | Found Muotas's Distillery.
 49958 | Bazaar   | Found Nojeotem's Magic Scroll Emporium.
 49983 | Bazaar   | Bought a potion of heal wounds for 70 gold pieces
 49983 | Bazaar   | Bought a potion of heal wounds for 70 gold pieces
 50004 | Bazaar   | Bought a potion of mutation for 136 gold pieces
 50775 | Shoals:4 | Entered Level 4 of the Shoals
 51754 | Shoals:4 | Found Motzaob's Magic Scroll Emporium.
 52667 | Shoals:4 | Reached XP level 21. HP: 105/105 MP: 2/40
 52783 | Shoals:4 | Got a barnacled rune of Zot
 53613 | Elf:3    | Identified the +0 long sword of the Valley of Death
                  | {distort, Will++}
 53830 | Elf:3    | Identified the +6 great mace of Huihexu {protect, rC-
                  | Will+++ Int+4}
 54612 | Elf:3    | Identified the staff of Sulphur {Stlth- Conj Tloc Air
                  | Earth}
 54655 | Elf:3    | Found the +8 orange crystal plate armour {Archmagi, Int+3
                  | Clar}
 54678 | Elf:3    | Identified the +1 short sword of the Vendetta {vamp, Str+3}
 55170 | Crypt:1  | Entered Level 1 of the Crypt
 55525 | Crypt:1  | Identified the orb of Fashionability {light, Str+8}
 55525 | Crypt:1  | Noticed Frederick
 55538 | Crypt:1  | Killed Frederick
 55540 | Crypt:1  | Killed from afar by a spellforged servitor
 55540 | Crypt:1  | Lost a life (1 life remaining)
 55834 | Crypt:1  | Reached skill level 10 in Stealth
 56013 | Crypt:1  | Slain by the ghostly Frederick
 56013 | Crypt:1  | Lost a life (0 lives remaining)
 56152 | Crypt:1  | Killed the ghostly Frederick
 57241 | Crypt:3  | Entered Level 3 of the Crypt
 57337 | Crypt:3  | Noticed Sojobo
 57565 | Crypt:3  | Reached XP level 22. HP: 109/109 MP: 10/41
 57565 | Crypt:3  | Gained a life (1 life remaining)
 57730 | Crypt:3  | Killed Sojobo
 58260 | Crypt:3  | Found a runed translucent gate.
 58261 | Crypt:3  | Found a runed translucent gate.
 58261 | Crypt:3  | Found a runed translucent gate.
 58262 | Crypt:3  | Noticed Juymismo's ghost (legendary GrBe)
 58262 | Crypt:3  | Noticed Cacw's ghost (adept SpDe)
 58411 | Crypt:3  | Noticed a curse toe
 58435 | Crypt:3  | Killed a curse toe
 59096 | Crypt:3  | Found a staircase to the Tomb.
 59405 | Crypt:3  | Noticed a dread lich
 59453 | Crypt:3  | Noticed a dread lich
 59465 | Crypt:3  | Killed a dread lich
 59854 | Crypt:3  | Killed a dread lich
 59898 | Crypt:3  | Got The Cryptic Testament of the Warlock
 59900 | Crypt:3  | Got the Omnibus of Debased Words
 60328 | Shoals:1 | Killed Morbidden's ghost
 60423 | Shoals:1 | Identified the +1 pair of boots of the Merchant {Rampage
                  | rN++ Int-5 SInv}
 60686 | Depths:1 | Entered Level 1 of the Depths
 60813 | Depths:1 | Noticed Mara
 60830 | Depths:1 | Noticed atomjack2's illusion
 60852 | Depths:1 | Killed Mara
 61133 | Depths:1 | Noticed Asterion
 61149 | Depths:1 | Killed Asterion
 61823 | Depths:1 | Noticed Bai Suzhen
 61836 | Depths:1 | Killed Bai Suzhen
 62013 | Depths:1 | Found a sparkling altar of Nemelex Xobeh.
 62108 | Depths:1 | Found a gateway to Hell.
 62375 | Depths:1 | Noticed Boris
 62381 | Depths:1 | Killed Boris
 62545 | Depths:2 | Found Ostilemu's Armour Shop.
 62726 | Depths:2 | Reached XP level 23. HP: 117/117 MP: 29/42
 64155 | Depths:2 | Found a sparkling altar of Nemelex Xobeh.
 64323 | Depths:2 | Found a white marble altar of Elyvilon.
 64444 | Depths:2 | Found a one-way gate leading to the halls of Pandemonium.
 64756 | Depths:3 | Found a one-way gate to the infinite horrors of the Abyss.
 64914 | Depths:3 | Found a one-way gateway to a ziggurat.
 65173 | Depths:3 | You fall into a shaft and drop 1 floor!
 65173 | Depths:4 | Entered Level 4 of the Depths
 65422 | Depths:4 | Found a gateway to a bazaar.
 65433 | Depths:4 | Reached skill level 10 in Evocations
 65613 | Depths:4 | Found Uselebang's Magic Scroll Emporium.
 65942 | Depths:3 | Found an ornate altar of the Wu Jian Council.
 66185 | Depths:3 | Found a large runed translucent door.
 66185 | Depths:3 | Found a large runed translucent door.
 66821 | Depths:3 | Noticed a juggernaut
 67685 | Depths:3 | Killed a juggernaut
 67765 | Depths:3 | Reached XP level 24. HP: 123/123 MP: 42/42
 68066 | Depths:4 | Found Leniut's Weapon Boutique.
 68497 | Depths:4 | Reached skill level 20 in Shapeshifting
 68736 | Depths:4 | Found Koschit's Antique Armour Shoppe.
 69129 | Depths:4 | Found a gate to the Realm of Zot.
 69613 | Depths:4 | Found Namelid's Magic Scroll Boutique.
 69763 | Bazaar   | Entered a bazaar
 69763 | Bazaar   | Found Vucor's Weapon Shoppe.
 69763 | Bazaar   | Found Itahevva's Assorted Antiques.
 69765 | Bazaar   | Found Ageak's Weapon Shoppe.
 69781 | Bazaar   | Found Rosoru's General Store.
 69800 | Bazaar   | Bought a scroll of blinking for 240 gold pieces
 70224 | Elf:1    | Bought a talisman of death for 1120 gold pieces
 71061 | Vaults:5 | Entered Level 5 of the Vaults
 71442 | Vaults:5 | Reached skill level 21 in Shapeshifting
 72367 | Vaults:5 | Noticed Mennas
 72393 | Vaults:5 | Killed Mennas
 72677 | Vaults:5 | Reached skill level 22 in Shapeshifting
 73234 | Vaults:5 | Identified the +9 spear of Eternal War {speed, rC- Str-4
                  | Int+7 Stlth+}
 73409 | Vaults:5 | Identified the ring "Suynkuxt" {Wiz *Slow Int+8 Dex-2
                  | Stlth+}
 73835 | Vaults:5 | Got a silver rune of Zot
 74417 | Vaults:5 | Found Jinasu's Weapon Boutique.
 75011 | Spider:2 | Killed Roxanne
 75443 | Zot:1    | Entered Level 1 of the Realm of Zot
 75505 | Zot:1    | Reached XP level 25. HP: 127/127 MP: 5/42
 75505 | Zot:1    | Gained a life (2 lives remaining)
 76040 | Zot:1    | Noticed an orb of fire
 76047 | Zot:1    | Killed an orb of fire
 78426 | Zot:2    | You are sucked into a shaft and drop 2 floors!
 80800 | Zot:2    | Noticed an orb of fire
 80808 | Zot:2    | Killed an orb of fire
 80818 | Zot:2    | Reached XP level 26. HP: 76/136 MP: 9/42
 80960 | Zot:2    | Identified the +0 short sword of Uncomfortable Rashes
                  | {flame, *Corrode Int+6}
 80961 | Zot:2    | Got the Cyclopedia of The Black Sun
 81397 | Zot:3    | Noticed a juggernaut
 81407 | Zot:3    | Killed a juggernaut
 81408 | Zot:3    | Reached skill level 23 in Shapeshifting
 81866 | Zot:3    | Acquired the amulet of Lust {rF+ rC+ Regen+}
 81916 | Zot:3    | Found a transporter.
 81922 | Zot:3    | Found a transporter.
 81923 | Zot:3    | Found a transporter.
 81942 | Zot:3    | Found a transporter.
 82260 | Zot:3    | Identified the +7 orcbow of Honesty {speed, SInv}
 82299 | Zot:3    | Noticed an ancient lich
 82305 | Zot:3    | Killed an ancient lich
 82549 | Zot:5    | Entered Level 5 of the Realm of Zot
 83468 | Zot:5    | Noticed an orb of fire
 83469 | Zot:5    | Gained mutation: Your body sometimes deteriorates upon
                  | taking damage. [an orb of fire]
 83471 | Zot:5    | Gained mutation: You occasionally lose the ability to read
                  | scrolls when taking damage. [an orb of fire]
 83475 | Zot:5    | Killed an orb of fire
 83476 | Zot:5    | Reached skill level 24 in Shapeshifting
 83476 | Zot:5    | Lost mutation: Your body sometimes deteriorates upon taking
                  | damage. [potion of mutation]
 83476 | Zot:5    | Lost mutation: You occasionally lose the ability to read
                  | scrolls when taking damage. [potion of mutation]
 83476 | Zot:5    | Gained mutation: Your flesh is cold resistant. (rC+)
                  | [potion of mutation]
 83476 | Zot:5    | Gained mutation: Your magical capacity is low. (-10% MP)
                  | [potion of mutation]
 83476 | Zot:5    | Gained mutation: Your flesh is heat resistant. (rF+)
                  | [potion of mutation]
 83654 | Zot:5    | Noticed an orb of fire
 83672 | Zot:5    | Killed an orb of fire
 83891 | Zot:5    | Noticed an ancient lich
 83898 | Zot:5    | Killed an ancient lich
 84344 | Zot:5    | Noticed an orb of fire
 84354 | Zot:5    | Killed an orb of fire
 84361 | Zot:5    | Noticed a dread lich
 84364 | Zot:5    | Noticed an orb of fire
 84369 | Zot:5    | Killed a dread lich
 84385 | Zot:5    | Killed an orb of fire
 84396 | Zot:5    | Noticed an orb of fire
 84405 | Zot:5    | Noticed an ancient lich
 84409 | Zot:5    | Gained mutation: Your body sometimes deteriorates upon
                  | taking damage. [an orb of fire]
 84413 | Zot:5    | Killed an orb of fire
 84420 | Zot:5    | Noticed a dread lich
 84428 | Zot:5    | Killed an ancient lich
 84438 | Zot:5    | Killed a dread lich
 84439 | Zot:5    | Reached skill level 25 in Shapeshifting
 84439 | Zot:5    | Noticed a dread lich
 84533 | Zot:5    | Killed a dread lich
 84552 | Zot:5    | Noticed an ancient lich
 84560 | Zot:5    | Killed an ancient lich
 84562 | Zot:5    | Noticed a dread lich
 84567 | Zot:5    | Killed a dread lich
 84568 | Zot:5    | Noticed an ancient lich
 84587 | Zot:5    | Killed an ancient lich
 84588 | Zot:5    | Reached XP level 27. HP: 140/140 MP: 6/37
 85409 | Temple   | Entered the Ecumenical Temple
 85736 | Tomb:1   | Entered Level 1 of the Tomb of the Ancients
 85815 | Tomb:1   | Lost mutation: Your magical capacity is low. (-10% MP)
                  | [potion of mutation]
 85815 | Tomb:1   | Lost mutation: Your body sometimes deteriorates upon taking
                  | damage. [potion of mutation]
 85815 | Tomb:1   | Lost mutation: Your flesh is heat resistant. (rF+) [potion
                  | of mutation]
 85815 | Tomb:1   | Gained mutation: You expend magic power (3 MP) to
                  | strengthen your wands. [potion of mutation]
 85815 | Tomb:1   | Gained mutation: You are partially covered in iridescent
                  | scales. (AC +2) [potion of mutation]
 85815 | Tomb:1   | Gained mutation: You passively dampen the noise of your
                  | surroundings. [potion of mutation]
 85943 | Tomb:1   | Reached skill level 26 in Shapeshifting
 86832 | Tomb:1   | Noticed a royal mummy
 86840 | Tomb:1   | Killed a royal mummy
 87120 | Tomb:2   | Noticed a royal mummy
 87120 | Tomb:2   | Noticed a royal mummy
 87136 | Tomb:2   | Killed a royal mummy
 87176 | Tomb:2   | Noticed a royal mummy
 87285 | Tomb:2   | Killed a royal mummy
 87311 | Tomb:2   | Killed a royal mummy
 87496 | Tomb:2   | Noticed a royal mummy
 87506 | Tomb:2   | Killed a royal mummy
 88126 | Tomb:2   | Reached skill level 27 in Shapeshifting
 88273 | Tomb:1   | Noticed a royal mummy
 88273 | Tomb:1   | Noticed a royal mummy
 88280 | Tomb:1   | Noticed a royal mummy
 88283 | Tomb:1   | Reached skill level 1 in Invocations
 88284 | Tomb:1   | Noticed a royal mummy
 88297 | Tomb:1   | Noticed a royal mummy
 88299 | Tomb:1   | Killed a royal mummy
 88302 | Tomb:1   | Killed a royal mummy
 88303 | Tomb:1   | Killed a royal mummy
 88312 | Tomb:1   | Noticed a royal mummy
 88500 | Tomb:1   | Killed a royal mummy
 88508 | Tomb:1   | Killed a royal mummy
 88509 | Tomb:1   | Reached skill level 5 in Invocations
 88515 | Tomb:1   | Noticed a royal mummy
 88524 | Tomb:1   | Killed a royal mummy
 88536 | Tomb:1   | Killed a royal mummy
 88558 | Tomb:1   | Noticed a royal mummy
 88569 | Tomb:1   | Killed a royal mummy
 88721 | Tomb:1   | Noticed a royal mummy
 88735 | Tomb:1   | Killed a royal mummy
 88764 | Tomb:1   | Noticed a royal mummy
 88767 | Tomb:1   | Noticed a royal mummy
 88768 | Tomb:1   | Noticed a royal mummy
 88787 | Tomb:1   | Killed a royal mummy
 88798 | Tomb:1   | HP: 7/140 [death scarab[a royal mummy] (21)]
 88802 | Tomb:1   | Killed from afar by a royal mummy
 88802 | Tomb:1   | Lost a life (1 life remaining)
 89016 | Tomb:1   | Killed a royal mummy
 89031 | Tomb:1   | Killed a royal mummy
 89347 | Tomb:3   | Entered Level 3 of the Tomb of the Ancients
 89363 | Tomb:3   | Reached skill level 10 in Invocations
 89365 | Tomb:3   | Noticed a royal mummy
 89367 | Tomb:3   | Noticed a royal mummy
 89468 | Tomb:3   | Noticed a royal mummy
 89473 | Tomb:3   | Noticed a royal mummy
 89480 | Tomb:3   | Gained a life (2 lives remaining)
 89489 | Tomb:3   | Noticed a royal mummy
 89496 | Tomb:3   | Noticed a royal mummy
 89498 | Tomb:3   | Noticed a royal mummy
 89505 | Tomb:3   | Killed a royal mummy
 89514 | Tomb:3   | Killed a royal mummy
 89524 | Tomb:3   | Slain by a bennu
 89524 | Tomb:3   | Lost a life (1 life remaining)
 89544 | Tomb:3   | Got a golden rune of Zot
 89658 | Tomb:3   | Killed a royal mummy
 89737 | Tomb:3   | Killed a royal mummy
 89828 | Tomb:3   | Killed a royal mummy
 90021 | Tomb:3   | Killed a royal mummy
 90156 | Tomb:3   | Noticed a royal mummy
 90170 | Tomb:3   | Killed a royal mummy
 90626 | Tomb:3   | Killed a royal mummy
 90877 | Tomb:3   | Found the +10 morningstar "Eos" {elec, Halo rElec}
 90970 | Tomb:3   | Identified the +0 leather armour of the Constellations
                  | {rC++ Will- Int+2 Stlth+}
 91767 | Zot:5    | Got the Orb of Zot
 92371 | D:4      | Noticed a seraph
 92489 | D:$      | Escaped with the Orb!

Illustrated notes

Levels and vault maps discovered:
D:1:      grunt_arrival_lava_bath, layout_basic, minmay_ruptured
D:2:      layout_basic, serial_forest, infiniplex_forest_straight_3,
          infiniplex_forest_clump_curved, infiniplex_forest_straight_2,
          infiniplex_forest_straight_3, infiniplex_forest_end_2,
          infiniplex_forest_straight_4
D:3:      minmay_razor_zed, layout_basic, minmay_misc_feat_plants,
          nicolae_figureground_pulse
D:4:      layout_cave_pools, overflow_temple_1_default, kennysheep_mini_moat,
          mainiacjoe_overflow_alcove_2, ebering_ghost_rock_garden
D:5:      layout_rooms, nicolae_hepliaklqana_hippocampus,
          nicolae_overflow_two_pavilions, gammafunk_ghost_arena,
          saegor_snake_ambush
D:6:      layout_cave_pools, mainiacjoe_overflow_catwalk, nicolae_shop_self_help
D:7:      layout_basic, minmay_temple_entry_poolview, enter_bailey_7,
          hangedman_decor_diamond_cutter
D:8:      layout_basic, led_sif_pool, fedhas_altar_decomposition,
          mainiacjoe_overflow_boulevard, uniq_joseph, uniq_erica, uniq_psyche
D:9:      layout_roguey, mainiacjoe_overflow_brackets, old_standard_altar,
          minmay_lair_entry_grove, uniq_maurice
D:10:     layout_loops_ring, overflow_temple_1_default
D:11:     layout_cave_pools, serial_shops, nicolae_shop_peninsula,
          minmay_misc_feat_five
D:12:     layout_roguey, serial_shops, shop, minmay_hollow_rounded_squares,
          uniq_urug, uniq_rupert
D:13:     layout_stronghold, david_vaults_3, serial_shops, shop, shop,
          nicolae_shop_tiny_glass, nicolae_shop_statue_plus, feat_on_display
D:14:     layout_roguey, chequers_serial_rivers_micro_e
D:15:     grunt_enter_depths_magical_seal, layout_basic, okawaru_trees_2
Temple:   dpeg_three_leaves_temple
Lair:1:   layout_gridlike, maelrawn_ghost_gauntlet_escape, lemuel_old_faithful,
          infiniplex_staircase_pool
Lair:2:   layout_misc_corridors, hellmonk_spider_entry_not_the_bees,
          nzn_ghost_randoct, chequers_serial_rivers_micro_c
Lair:3:   layout_loops_ring, nicolae_shoals_entry_flooding
Lair:4:   layout_long_grid
Lair:5:   gammafunk_lair_ancient_temple, layout_loops_ring, slime_entry_1
Shoals:1: layout_shoals, gammafunk_ghost_berserking_beasts, st_sunken_huts,
          uniq_frances
Shoals:2: layout_shoals, nicolae_shoals_aquamancer_cove
Shoals:3: layout_shoals, serial_shops, bzr_entry_lakeside,
          nicolae_shoals_undead_eyrie
Shoals:4: shoals_end_simple, layout_shoals, serial_shops, shop,
          nicolae_shoals_the_drawing_of_the_three
Spider:1: layout_spider_delve, hive_lemuel
Spider:2: layout_chambers, uniq_roxanne
Spider:3: layout_cave_pods, hangedman_spider_tarantella_strand
Spider:4: grunt_spider_rune_circles, spiders_nest_the_unseen, uniq_nikola
Orc:1:    layout_caves, einodemon_barbed_minivault
Orc:2:    st_orc_pillars, layout_caves, nicolae_orc_damp_corner,
          uniq_saint_roka, uniq_snorg, uniq_josephine
Elf:1:    eino_elf_arrival_customs, layout_geoelf_diagonals,
          minmay_elf_demonology, minmay_shop_grove
Elf:2:    nicolae_elf_blades_crystal_corner, layout_gridlike, serial_shops,
          shop, nicolae_trove_entry_free_sample, roderic_three_in_a_row
Elf:3:    minmay_elf_hall_quartered_circle, layout_gridlike, serial_shops,
          nicolae_shop_gibbet_a_chance, st_stairs_7, minmay_shoptagon
Vaults:1: grunt_vaults_twisty, v_rooms_6, ontoclasm_vaults_ring_square,
          hangedman_vaults_locks, layout_vaults_omnigrid, serial_shops, shop
Vaults:2: nicolae_vaults_diagonal_hallway_7, ontoclasm_vaults_spin,
          nicolae_vaults_trapezoid_lopsided_4, dpeg_vaults_monster_box,
          minmay_crypt_entry_necro_gods, nicolae_vaults_little_squares_6,
          vaults_mumra_hexcomb, nicolae_vaults_shelves_hall,
          nicolae_vaults_network_star, nicolae_vaults_two_Ls,
          nicolae_vaults_alarming, layout_vaults_chaotic_city, serial_shops,
          shop, uniq_aizul
Vaults:3: nicolae_vaults_tetromino_L_2, nicolae_vaults_three_branches,
          nicolae_vaults_bisected_slash, nicolae_vaults_arrows,
          vaults_mumra_minichess, v_rooms_4, vaults_standard_mumra_lines,
          nicolae_vaults_sightless_eye, nicolae_vaults_trapezoid_lopsided_2,
          v_misc_24, nicolae_vaults_halls_meeting,
          nicolae_vaults_little_squares_6, layout_vaults_omnibox
Vaults:4: hangedman_vaults_impose, nicolae_vaults_more_shelving_1,
          nicolae_vaults_house_3, hangedman_vaults_slice,
          nicolae_vaults_stepped_doors, ontoclasm_vaults_claustrophobia,
          nicolae_vaults_wine_cellar, nicolae_vaults_little_squares_1,
          nicolae_vaults_stand_back, nicolae_vaults_trapezoid_4,
          nicolae_vaults_what_the_h, nicolae_vaults_asterisk,
          layout_vaults_ring, serial_shops, shop, uniq_margery
Vaults:5: uniq_mennas
Crypt:1:  layout_rooms, columned_hall_lemuel, grunt_ministairs_14,
          grunt_crypt_arrival_split, uniq_frederick
Crypt:2:  layout_misc_corridors, lemuel_elevator
Crypt:3:  david_glass_crypt, layout_chaotic_city,
          nicolae_tomb_entry_grand_gallery, gammafunk_ghost_cemetery,
          grunt_ministairs_2, uniq_sojobo
Tomb:1
Tomb:2
Tomb:3
Depths:1: layout_twisted_cross, chequers_serial_rivers_marsh, grunt_hell_horde,
          nemelex_diamond_rough_becter, firewood_loft, grunt_megastairs_3,
          kennysheep_random_hallway, uniq_asterion, uniq_bai_suzhen, uniq_mara,
          uniq_boris
Depths:2: regret_index_nemelex_summoning_deck_glade, layout_cave_pools,
          rand_demon_pan_entry_9, hell_entry, nicolae_elyvilon_temple_path,
          serial_shops, nicolae_shop_crystal, drop_trap
Depths:3: lightli_eight_chambers, layout_gridlike, enter_ziggurat_e,
          nzn_wu_jian_contemplation, abyss_entry, pan_entry, hell_entry
Depths:4: grunt_zot_entry_tricorne, layout_basic,
          minmay_misc_feat_secret_circle, hell_entry, serial_shops,
          bzr_in_the_mist, shop, nicolae_shop_temple_entry_statues_fountains,
          nicolae_diamond_shop, shop, amcnicky_mini_pool_small
Zot:1:    layout_cellular_growth, regret_index_zotdec_zees, st_stairs_4
Zot:2:    dreamdust_black_sun_cult, layout_gridlike
Zot:3:    ebering_greatest_show_in_zot, layout_onion,
          regret_index_zotdec_silver_v_v_loose, st_stairs_2,
          nicolae_transporter_circle
Zot:4:    layout_gridlike, regret_index_zotdec_serpentine_scales, uniq_josephina
Zot:5:    layout_onion

Skill      XL: |  1  2  3  4  5  6  7  8  9 10 11 12 13 14 15 16 17 18 19 20 21 22 23 24 25 26 27 |
---------------+----------------------------------------------------------------------------------+-----
Dodging        | 3 4 7 8 9 10 12 13 14 16 18 20 23 25 | 25.9
Shapeshifting  | 3 4 5 7 9 10 11 13 15 16 18 19 22 25 27 | 27.0
Stealth        | 1 2 5 7 9 14 | 14.0
Unarmed Combat | 4 5 6 7 9 11 13 15 17 18 20 22 24 | 24.0
Fighting       | 2 3 5 9 11 13 14 15 16 18 20 | 20.0
Evocations     | 4 6 12 | 12.0
Translocations | 6 10 13 18 20 22 | 22.0
Spellcasting   | 4 6 11 14 | 14.0
Invocations    | 10 | 10.0

Action                     |  1- 3 |  4- 6 |  7- 9 | 10-12 | 13-15 | 16-18 | 19-21 | 22-24 | 25-27 || total
---------------------------+-------+-------+-------+-------+-------+-------+-------+-------+-------++-------
  Melee: Unarmed           |   107 |   138 |   296 |   474 |   953 |  1036 |  1268 |  1285 |  1514 ||  7071
         Bite              |    10 |    15 |    34 |    69 |   138 |   150 |   116 |    86 |   104 ||   722
         Punch             |       |     7 |     8 |    35 |   127 |   119 |   100 |    84 |   193 ||   673
         Tailslap          |       |       |       |       |       |       |       |    30 |    20 ||    50
   Cast: Manifold Assault  |       |       |       |       |       |    59 |   531 |   682 |   460 ||  1732
 Invoke: Recall Ancestor   |       |       |     4 |     4 |    12 |     8 |     3 |     5 |    15 ||    51
         Ancestor Life: He |       |       |       |     1 |       |       |       |       |       ||     1
         Ancestor Identity |       |       |       |     1 |       |       |       |       |       ||     1
         Idealise          |       |       |       |       |       |       |       |       |     3 ||     3
Ability: Begin Untransform |       |       |       |       |       |       |       |       |     5 ||     5
  Evoke: Wand              |       |       |     8 |     6 |    17 |     4 |       |     3 |     3 ||    41
         Phial of floods   |       |       |       |       |       |     1 |       |       |     1 ||     2
         Box of beasts     |       |       |       |       |       |       |       |       |     1 ||     1
    Use: Scroll            |       |     5 |     4 |     5 |     9 |    13 |    10 |     5 |    20 ||    71
         Potion            |       |       |     1 |     4 |     7 |     4 |     1 |     4 |    10 ||    31
   Stab: Sleeping          |     9 |     5 |       |     3 |     8 |    16 |     4 |     1 |     9 ||    55
         Distracted        |     1 |       |       |    10 |    23 |    18 |    14 |     9 |    35 ||   110
         Confused          |       |       |       |    24 |    24 |    34 |    46 |    15 |    39 ||   182
         Paralysed         |       |       |       |       |    20 |    51 |    36 |    17 |    26 ||   150
         Invisible         |       |       |       |       |       |       |       |       |     3 ||     3
 Armour: Skin              |    33 |    35 |   100 |   136 |   213 |   355 |   251 |   275 |   223 ||  1621
  Dodge: Dodged            |    95 |    87 |   316 |   406 |   939 |  1373 |   872 |   715 |  1045 ||  5848
  Block: Other             |       |       |       |       |    11 |       |       |       |       ||    11
   Form: Flux              |       |       |     1 |     1 |       |       |       |       |       ||     2
         Blade             |       |       |       |     2 |     1 |       |       |       |       ||     3
         Statue            |       |       |       |       |     1 |     1 |       |       |       ||     2
         Dragon            |       |       |       |       |       |       |       |     2 |       ||     2
         Death             |       |       |       |       |       |       |       |     1 |     6 ||     7
         Storm             |       |       |       |       |       |       |       |       |     3 ||     3

Table legend: (Time is in decaauts)
 A = Elapsed time spent in this place.
 B = Non-inter-level travel time spent in this place.
 C = Inter-level travel time spent in this place.
 D = Time resting spent in this place.
 E = Time spent auto-exploring this place.
 F = Levels seen in this place.
 G = Mean time per level.
                   A        B        C        D        E       F      G
               +--------+--------+--------+--------+--------+-----+--------+
         Total | 107888 |  94920 |  12968 |  25722 |  50856 |  58 | 1860.1 |
       Dungeon |  19649 |  15243 |   4406 |   2277 |   9759 |  15 | 1309.9 |
        Temple |      2 |      1 |      1 |      0 |      0 |   1 |    2.0 |
          Lair |   7649 |   6105 |   1544 |   1046 |   3604 |   5 | 1529.8 |
        Shoals |   8541 |   8156 |    385 |   1561 |   5528 |   4 | 2135.2 |
   Spider Nest |   9256 |   8764 |    492 |   3189 |   3191 |   4 | 2314.0 |
  Orcish Mines |   3357 |   2416 |    941 |    571 |   1032 |   2 | 1678.5 |
   Elven Halls |   7073 |   6065 |   1008 |   1957 |   3015 |   3 | 2357.7 |
        Vaults |  15967 |  14615 |   1352 |   4287 |   7725 |   5 | 3193.4 |
         Crypt |   7177 |   6672 |    505 |   2200 |   3311 |   3 | 2392.3 |
          Tomb |   5286 |   4876 |    410 |   1703 |   1994 |   3 | 1762.0 |
        Depths |  13230 |  11989 |   1241 |   4374 |   6047 |   4 | 3307.5 |
           Zot |   9621 |   8943 |    678 |   2332 |   5357 |   5 | 1924.2 |
        Bazaar |    327 |    327 |      0 |      0 |    202 |   2 |  163.5 |
         Trove |    130 |    130 |      0 |      0 |     88 |   1 |  130.0 |
        Bailey |    617 |    617 |      0 |    220 |      0 |   1 |  617.0 |
               +--------+--------+--------+--------+--------+-----+--------+

Top non-repeatable levels by time:
Depths:3: 4242 daAuts
Depths:1: 3952 daAuts
Spider:4: 3851 daAuts
 Crypt:3: 3676 daAuts
   Elf:3: 3563 daAuts
Vaults:1: 3481 daAuts
Vaults:2: 3459 daAuts
Vaults:4: 3250 daAuts
Shoals:4: 3198 daAuts
Vaults:5: 3188 daAuts
Depths:4: 2647 daAuts
Vaults:3: 2586 daAuts
   Orc:2: 2519 daAuts
Depths:2: 2387 daAuts
   Elf:1: 2291 daAuts
